 Dungeon Crawl Stone Soup version 0.27-a0-998-g4cfe56dd59 (webtiles) character file.

Game seed: 11069413633218262427

1784 snetch the Thaumaturge (level 9, -13/58 HPs)
             Began as a Djinni Fire Elementalist on Apr 16, 2021.
             Was a Priest of Ru.
             Mangled by a gnoll sergeant
             ... wielding a +2 trident of protection
              (17 damage)
             ... on level 6 of the Dungeon on Apr 17, 2021.
             The game lasted 00:29:06 (7326 turns).

snetch the Thaumaturge (Djinni Fire Elementalist)   Turns: 7326, Time: 00:29:09

Health: -13/58     AC:  5    Str: 13    XL:     9   Next: 8%
Gold:   129        EV: 11    Int: 21    God:    Ru [***...] SH:  3 Dex: 13

rFire    + + .     SeeInvis .   (no weapon)
rCold    x . .     Faith    +   u - +0 buckler
rNeg     . . .     Spirit   .   s - +0 ring mail
rPois    ∞         Reflect  .   (no helmet)
rElec    .         Harm     .   (no cloak)
rCorr    +         Rampage  .   (no gloves)
Will     .....                  (boots unavailable)
Stlth    ++........             p - amulet of faith
HPRegen  0.19/turn              i - ring of resist corrosion
MPRegen  0.00/turn              F - +6 ring of strength

@: flying
A: fire resistance 2, cold vulnerability 1, inexperienced 1, float, innate
caster, hp casting, extra vitality 1
a: Renounce Religion, Draw Out Power


You were on level 6 of the Dungeon.
You worshipped Ru.
Ru was most pleased with you.
You visited 1 branch of the dungeon, and saw 6 of its levels.
You also visited: Sewer.

You collected 171 gold pieces.
You spent 42 gold pieces at shops.

Inventory:

Hand Weapons
 b - a +0 dagger
 d - a +0 great sword
Missiles
 c - 56 stones
 f - 41 sling bullets
 r - 15 poisoned darts
Armour
 m - a +0 leather armour
 s - a +0 ring mail (worn)
 u - a +0 buckler (worn)
 C - a +0 chain mail
Jewellery
 i - a ring of resist corrosion (left hand)
 p - an amulet of faith (around neck)
 F - a +6 ring of strength (right hand)
Wands
 A - a wand of acid (5)
Scrolls
 a - a scroll of holy word {unknown}
 g - 2 scrolls of magic mapping {unknown}
 h - a scroll of blinking {unknown}
 j - 2 scrolls of enchant weapon {unknown}
 k - a scroll of summoning {unknown}
 q - 3 scrolls of identify {unknown}
 t - 3 scrolls of teleportation {unknown}
 y - a scroll of fog {unknown}
 B - 2 scrolls of fear {unknown}
 E - a scroll of noise {unknown}
Potions
 e - 2 potions of degeneration {unknown}
 l - a potion of lignification {unknown}
 n - 2 potions of brilliance {unknown}
 o - 2 potions of curing
 v - 2 potions of magic {unknown}
 w - a potion of might {unknown}
 x - a potion of heal wounds {unknown}
 z - 3 potions of flight {unknown}
 D - a potion of ambrosia {unknown}


   Skills:
 + Level 2.0 Fighting
 + Level 3.5 Armour
 + Level 4.5 Dodging
 + Level 3.4 Stealth
 + Level 0.2 Shields
 + Level 8.3 Spellcasting


You couldn't memorise any spells.
You knew the following spells:

 Your Spells              Type           Power      Damage    Failure   Level
a - Foxfire               Conj/Fire      100%       2x1d9     1%          1
b - Conjure Flame         Conj/Fire      43%        6-21      2%          3
c - Inner Flame           Hex/Fire       43%        N/A       2%          3
d - Sticky Flame          Conj/Fire      43%        2d6       9%          4
e - Fireball              Conj/Fire      21%        3d10      24%         5
f - Sandblast             Erth           86%        2d18      1%          1
g - Call Imp              Summ           43%        N/A       1%          2
h - Summon Guardian Gole  Hex/Summ       43%        N/A       2%          3
i - Ignite Poison         Fire/Tmut/Pois 43%        N/A       2%          3
Your spell library was empty.

Dungeon Overview and Level Annotations

Branches:
Dungeon (6/15)              Sewer (visited)
 Temple: D:4-7

Altars:
Fedhas
Ru

Shops:
D:1 *   D:2 [


Innate Abilities, Weirdness & Mutations

You are immune to poison.
Your flesh is very heat resistant. (rF++)
You are vulnerable to cold. (rC-)
You are somewhat inexperienced. (-2 XL)
You float through the air rather than walking.
You learn spells naturally, not from books.
Your magical power is your life essence.
You have superior vitality. (+4 HP)


Message History

Press: ? - help, Q - select action, (/) - cycle Dir - look around, f - activate You conjure some foxfire!
The foxfire hits the gnoll sergeant but does no damage.
The gnoll sergeant misses you.
Unknown command.
Casting: Foxfire (safe; 1% risk of failure)
Press: ? - help, Q - select action, (/) - cycle Dir - look around, f - activate You conjure some foxfire!
The foxfire hits the gnoll sergeant but does no damage.
The foxfire hits the gnoll sergeant.
The gnoll sergeant is moderately wounded.
The gnoll sergeant hits you from afar with a +2 trident of protection!
* * * LOW HITPOINT WARNING * * *
Unknown command.
Casting: Foxfire (safe; 1% risk of failure)
Press: ? - help, Q - select action, (/) - cycle Dir - look around, f - activate You conjure some foxfire!
* * * LOW HITPOINT WARNING * * *
The foxfire hits the gnoll sergeant.
The gnoll sergeant is moderately wounded.
The foxfire hits the gnoll sergeant but does no damage.
The gnoll sergeant is moderately wounded.
The foxfire hits the gnoll sergeant.
The gnoll sergeant is heavily wounded.
You block the gnoll sergeant's attack.
Casting: Foxfire (safe; 1% risk of failure)
Confirm with . or Enter, or press ? or * to list all spells.
Aiming: Sandblast (safe; 1% risk of failure)
Press: ? - help, Shift-Dir - straight line, f - gnoll sergeant
Aim: a gnoll sergeant, wielding a +2 trident of protection and wearing a +0 ring mail (heavily wounded, ally target, 87% to hit)
The blast of sand hits the gnoll sergeant but does no damage.
The gnoll sergeant is heavily wounded.
c - 56 stones
* * * LOW HITPOINT WARNING * * *
The foxfire hits the gnoll sergeant.
The gnoll sergeant is heavily wounded.
The foxfire hits the gnoll sergeant.
The gnoll sergeant is severely wounded.
The gnoll sergeant hits you from afar with a +2 trident of protection!
You die...

.......
###.....
....... ##
###.....#
..# ....)..+
'. .
#.....#'#...
#..)§)g...#
#..§@)....#
#..§##.####
#+## #


You could see a gnoll sergeant.

Vanquished Creatures
  An oklob plant (D:3)
  Grinder (D:4)
  A water moccasin (D:3)
  Purgy (Sewer)
  An ice beast (D:6)
  2 ogres (D:5)
  2 phantoms
  2 scorpions (D:4)
  An orc priest (D:3)
  A centaur skeleton (D:6)
  An iguana (D:5)
  Natasha (twice) (D:3)
  2 orc wizards (D:3)
  3 gnolls (D:6)
  A river rat (D:4)
  An adder (D:4)
  A worm (D:2)
  3 dart slugs
  7 orcs
  11 ball pythons
  3 bats
  7 endoplasms
  A giant cockroach (D:1)
  5 goblins
  7 hobgoblins
  15 jackals
  8 kobolds
  5 quokkas
  8 frilled lizards
  3 rats
107 creatures vanquished.

Vanquished Creatures (collateral kills)
  A black bear (D:5)
  An ogre (D:4)
  Blork the orc (D:5)
  Natasha (D:3)
  A white imp (D:5)
  2 orcs (D:3)
  An endoplasm (D:3)
  2 jackals (D:3)
  3 rats
  12 foxfires (D:3)
25 creatures vanquished.

Vanquished Creatures (others)
  A jackal (D:5)
  447 foxfires
  9 fungi (D:3)
  19 plants (D:3)
  4 toadstools (D:1)
480 creatures vanquished.

Grand Total: 612 creatures vanquished

Notes
Turn   | Place    | Note
-------+----------+-------------------------------------------
     0 | D:1      | snetch the Djinni Fire Elementalist began the quest for the
                  | Orb.
     0 | D:1      | Reached XP level 1. HP: 15/15 MP: 0/0
   376 | D:1      | Reached skill level 3 in Spellcasting
   378 | D:1      | Reached XP level 2. HP: 15/21 MP: 0/0
   761 | D:1      | Reached XP level 3. HP: 11/25 MP: 0/0
   761 | D:1      | Learned a level 1 spell: Sandblast
  1301 | D:1      | Found a faded altar of an unknown god.
  1311 | D:1      | Became a worshipper of Ru the Awakened
  1322 | D:2      | Gained mutation: You are somewhat inexperienced. (-2 XL)
                  | [Ru sacrifice]
  1322 | D:2      | Reached XP level 2. HP: 22/22 MP: 0/0
  1322 | D:2      | Reached XP level 1. HP: 16/16 MP: 0/0
  1322 | D:2      | Reached * piety under Ru
  1322 | D:2      | Reached ** piety under Ru
  1322 | D:2      | Reached *** piety under Ru
  1381 | D:1      | Reached XP level 2. HP: 18/22 MP: 0/0
  1466 | D:1      | Found Ynohumn's General Store.
  2236 | D:1      | Bought a potion of curing for 42 gold pieces
  2395 | D:2      | Found a blossoming altar of Fedhas.
  2429 | D:2      | Found Feiluol's Antique Armour Shoppe.
  2652 | D:2      | Reached skill level 4 in Spellcasting
  2652 | D:2      | Reached XP level 3. HP: 26/26 MP: 0/0
  2673 | D:2      | Noticed a phantom
  2683 | D:2      | Killed a phantom
  2684 | D:2      | Reached XP level 4. HP: 6/31 MP: 0/0
  3291 | D:4      | Reached skill level 1 in Fighting
  3291 | D:4      | Reached XP level 5. HP: 35/37 MP: 0/0
  3291 | D:4      | Learned a level 2 spell: Call Imp
  3317 | D:4      | Noticed a phantom
  3327 | D:4      | Killed a phantom
  3328 | D:4      | Reached skill level 5 in Spellcasting
  3511 | D:4      | Noticed Grinder
  3513 | D:4      | Paralysed by Grinder for 4 turns
  3522 | D:4      | Killed Grinder
  3523 | D:4      | Reached XP level 6. HP: 33/42 MP: 0/0
  3639 | D:4      | Found a glowing drain.
  3643 | Sewer    | Entered a sewer
  3981 | Sewer    | Noticed Purgy
  3990 | Sewer    | Killed Purgy
  3991 | Sewer    | Reached XP level 7. HP: 43/48 MP: 0/0
  3991 | Sewer    | Learned a level 3 spell: Summon Guardian Golem
  4277 | D:3      | Reached skill level 6 in Spellcasting
  4397 | D:3      | Noticed Natasha
  4406 | D:3      | Killed Natasha
  4581 | D:3      | Noticed Natasha
  4593 | D:3      | Killed Natasha
  4616 | D:4      | Reached skill level 1 in Armour
  4626 | D:3      | Noticed Natasha
  4639 | D:3      | Killed Natasha
  5398 | D:3      | Reached XP level 8. HP: 50/54 MP: 0/0
  5625 | D:3      | Found a blossoming altar of Fedhas.
  5636 | D:3      | Noticed an oklob plant
  6025 | D:3      | Killed an oklob plant
  6026 | D:3      | Reached skill level 7 in Spellcasting
  6254 | D:5      | Entered Level 5 of the Dungeon
  6638 | D:5      | Reached skill level 8 in Spellcasting
  6972 | D:5      | Noticed Blork the orc
  6979 | D:5      | Killed Blork the orc
  7315 | D:6      | Reached XP level 9. HP: 40/58 MP: 0/0
  7315 | D:6      | Learned a level 3 spell: Ignite Poison
  7326 | D:6      | Mangled by a gnoll sergeant

Illustrated notes

Levels and vault maps discovered:
D:1:      ldierk_walled_garden_2, layout_loops_corners, serial_shops, shop,
          basic_ecumenical_altar
D:2:      layout_rooms, basic_altar, serial_shops, nicolae_shop_stone
D:3:      layout_basic, tgw_fedhas, uniq_natasha
D:4:      layout_gridville, gup_sewer_entry_spiral, hangedman_glass_teeth,
          uniq_grinder
D:5:      layout_loops_ring, grunt_ministairs_11, uniq_blork_the_orc
D:6:      minmay_polygon_palace, layout_rooms, marbit_many_paths, temple_green,
          serial_shops, shop, nicolae_shop_statue_plus,
          nicolae_shop_behind_doors, shop

Skill      XL: |  1  2  3  4  5  6  7  8  9 |
---------------+----------------------------+-----
Spellcasting   | 3 4 5 6 8 |  8.3
Stealth        | 2 3 |  3.4
Fighting       | 1 2 |  2.0
Dodging        | 3 4 |  4.5
Armour         | 1 3 |  3.5
Shields        | |  0.2

Action                   |  1- 3 |  4- 6 |  7- 9 || total
-------------------------+-------+-------+-------++-------
Melee: Unarmed           |       |       |    32 ||    32
 Cast: Foxfire           |    80 |    49 |   140 ||   269
       Call Imp          |       |     5 |    20 ||    25
       Sandblast         |       |     2 |     4 ||     6
       Conjure Flame     |       |       |     1 ||     1
Invok: Sacrifice Experie |     1 |       |       ||     1
       Reject Sacrifices |       |       |     1 ||     1
Armor: Robe              |     1 |       |       ||     1
       Leather armour    |       |     3 |       ||     3
       Ring mail         |       |       |    14 ||    14
Dodge: Dodged            |    18 |     8 |    27 ||    53
Block: Buckler           |       |     2 |     5 ||     7

Table legend: (Time is in decaauts)
 A = Elapsed time spent in this place.
 B = Non-inter-level travel time spent in this place.
 C = Inter-level travel time spent in this place.
 D = Time resting spent in this place.
 E = Time spent auto-exploring this place.
 F = Levels seen in this place.
 G = Mean time per level.
                   A        B        C        D        E       F      G
               +--------+--------+--------+--------+--------+-----+--------+
         Total |   7344 |   6773 |    571 |    217 |   4817 |   7 | 1049.1 |
       Dungeon |   6831 |   6260 |    571 |      0 |   4600 |   6 | 1138.5 |
         Sewer |    512 |    512 |      0 |    217 |    217 |   1 |  512.0 |
               +--------+--------+--------+--------+--------+-----+--------+

Top non-repeatable levels by time:
     D:1: 2268 daAuts
     D:3: 2147 daAuts
     D:4: 1085 daAuts
     D:2: 866 daAuts
   Sewer: 512 daAuts
     D:5: 444 daAuts
     D:6: 19 daAuts
